 Dungeon Sprint DCSS version 0.26.1-2-gb8aa6d0cf2 (webtiles) character file.

Game seed: 448663663922356451

3200000 Groucho the Intangible (level 19, -39/132 HPs)
             Began as a Spriggan Abyssal Knight on Mar 10, 2021.
             Was an Elder of Makhleb.
             Annihilated by a large bag of meat
             ... wielding a +9 giant spiked club
              (69 damage)
             ... in the Dungeon (Sprint VIII: "Arena of Blood").
             The game lasted 00:01:59 (32 turns).

Groucho the Intangible (Spriggan Abyssal Knight)      Turns: 32, Time: 00:02:00

Health: -39/132    AC:  4    Str:  9    XL:     19   Next: 77%
Magic:  20/34      EV: 42    Int: 14    God:    Makhleb [****..]
Gold:   0          SH:  0    Dex: 22    Spells: 18/18 levels left

rFire    . . .     SeeInvis +   i - +∞ Axe of Woe
rCold    . . .     Faith    .   (shield currently unavailable)
rNeg     . . .     Spirit   .   b - +0 robe
rPois    .         Reflect  .   (helmet restricted)
rElec    .         Harm     .   (no cloak)
rCorr    .         Rampage  .   (gloves unavailable)
Will     +++..     NoTele   +   (boots unavailable)
Stlth    ++........             (no amulet)
HPRegen  0.32/turn              (no ring)
MPRegen  0.24/turn              (no ring)

@: very quick
A: very small, unfitting armour, see invisible, speed 3
a: Renounce Religion, Minor Destruction, Lesser Servant of Makhleb, Major
Destruction


You were in the Dungeon.
You worshipped Makhleb.
Makhleb was greatly pleased with you.
You visited 1 branch

Inventory:

Hand Weapons
 a - a +1 hand axe
 i - the +∞ Axe of Woe (weapon)
   (You found it in the Dungeon)
Armour
 b - a +0 robe (worn)
Jewellery
 j - a +30 ring of slaying
Scrolls
 h - a scroll of blinking
Potions
 c - a potion of curing
 d - a potion of heal wounds
 e - a potion of haste
 f - 2 potions of magic
 g - a potion of berserk rage


   Skills:
 O Level 27 Fighting
 O Level 27 Axes
 O Level 27 Armour
 O Level 27 Dodging
 + Level 18.0 Unarmed Combat
 + Level 20.9 Invocations


You had 18 spell levels left.
You didn't know any spells.
Your spell library was empty.

Dungeon Overview and Level Annotations

Branches:
Dungeon (1/1)

Altars:
Makhleb


Innate Abilities, Weirdness & Mutations

You are very small and have problems with some larger weapons.
You are too small for most types of armour.
You have supernaturally acute eyesight. (SInv)
You cover ground extremely quickly.


Message History

A destroyer comes into view. It is wielding a +9 vorpal great sword.
You are engulfed in blazing flames.
You hear two shouts!
You hear a shout! x10
Your Unarmed Combat skill gained 4 levels and is now at level 18!
Your Invocations skill gained 3 levels and is now at level 20!
Unknown command.
Unknown command.
An orc, a two-headed ogre and a vampire knight come into view.
The destroyer is wielding a +9 vorpal great sword.
The sculptor of flesh appears out of thin air!
A sculptor of flesh comes into view. It is wielding a +9 great sword.
You are engulfed in blazing flames.
The bag of meat shouts!
The large bag of meat shouts in stereo!
You hear a shout! x7
The large bag of meat is engulfed in blazing flames.
The large bag of meat hits you with a +9 giant spiked club!!!
* * * LOW HITPOINT WARNING * * *
The large bag of meat hits you with a +9 giant spiked club!!!
Ouch! That really hurt!
You die... oo

.. o. ..... #.
...# #.O ...# .
.###.. ...###..
......###......
......._z......
#.))).# #_☼@§_#
#.O○§.#
.....§§........
V.....###...O...
.###.. .O.###..
#.. ...# V #o.
...# Oo ....V
....


You could see 2 destroyers, a sculptor of flesh, 3 large bags of meat, 2 meat
berserkers and 3 bags of meat.

Vanquished Creatures
  3 vampire knights (D)
  3 ogres (D)
  2 two-headed ogres (D)
  6 orcs (D)
14 creatures vanquished.

Notes
Turn   | Place    | Note
-------+----------+-------------------------------------------
     0 | D        | Found the +∞ Axe of Woe
     0 | D        | Groucho the Spriggan Abyssal Knight began the quest for the
                  | Orb.
     0 | D        | Reached XP level 1. HP: 11/11 MP: 3/3
     4 | D        | Fell from the grace of Lugonu
     4 | D        | Became a worshipper of Makhleb the Destroyer
     4 | D        | Noticed a bag of meat
     6 | D        | Noticed a bag of meat
     7 | D        | Noticed a bag of meat
     7 | D        | Noticed a bag of meat
    10 | D        | Killed a bag of meat
    11 | D        | Reached XP level 2. HP: 16/16 MP: 4/4
    11 | D        | Reached XP level 3. HP: 19/19 MP: 5/5
    11 | D        | Reached XP level 4. HP: 23/23 MP: 6/6
    11 | D        | Reached XP level 5. HP: 27/27 MP: 7/7
    11 | D        | Reached XP level 6. HP: 32/32 MP: 8/8
    11 | D        | Reached XP level 7. HP: 35/35 MP: 9/9
    11 | D        | Reached XP level 8. HP: 39/39 MP: 10/10
    11 | D        | Reached XP level 9. HP: 43/43 MP: 11/11
    11 | D        | Reached XP level 10. HP: 47/47 MP: 12/12
    11 | D        | Reached XP level 11. HP: 51/51 MP: 13/13
    11 | D        | Killed a bag of meat
    12 | D        | Reached skill level 27 in Dodging
    12 | D        | Reached XP level 12. HP: 56/56 MP: 14/14
    12 | D        | Killed a bag of meat
    12 | D        | Reached * piety under Makhleb
    13 | D        | Reached XP level 13. HP: 59/59 MP: 15/15
    13 | D        | Noticed a meat berserker
    13 | D        | Noticed a bag of meat
    14 | D        | Killed a bag of meat
    15 | D        | Reached XP level 14. HP: 63/63 MP: 16/16
    18 | D        | Killed a meat berserker
    18 | D        | Reached ** piety under Makhleb
    19 | D        | Reached skill level 27 in Axes
    19 | D        | Reached skill level 10 in Fighting
    19 | D        | Reached XP level 15. HP: 80/80 MP: 17/17
    19 | D        | Noticed a meat berserker
    19 | D        | Noticed a meat berserker
    19 | D        | Noticed a large bag of meat
    20 | D        | Noticed a destroyer
    22 | D        | Killed a meat berserker
    22 | D        | Killed a destroyer
    22 | D        | Killed a large bag of meat
    22 | D        | Reached *** piety under Makhleb
    22 | D        | Noticed a large bag of meat
    23 | D        | Reached XP level 16. HP: 77/107 MP: 18/18
    23 | D        | Reached XP level 17. HP: 81/112 MP: 19/19
    24 | D        | Noticed a destroyer
    25 | D        | Noticed a destroyer
    26 | D        | Killed a meat berserker
    27 | D        | Reached XP level 18. HP: 115/123 MP: 20/20
    27 | D        | Killed a destroyer
    27 | D        | Reached **** piety under Makhleb
    27 | D        | Noticed a large bag of meat
    27 | D        | Noticed a meat berserker
    28 | D        | Reached skill level 27 in Fighting
    28 | D        | Killed a destroyer
    28 | D        | Noticed a large bag of meat
    29 | D        | Reached skill level 27 in Armour
    29 | D        | Reached XP level 19. HP: 132/132 MP: 20/32
    30 | D        | Noticed a meat berserker
    30 | D        | Noticed a destroyer
    31 | D        | Killed a large bag of meat
    32 | D        | Noticed a destroyer
    32 | D        | Noticed a large bag of meat
    32 | D        | Noticed a destroyer
    32 | D        | Annihilated by a large bag of meat

Illustrated notes

Levels and vault maps discovered:
D:        meatsprint

Skill      XL: |  1  2  3  4  5  6  7  8  9 10 11 12 13 14 15 16 17 18 19 |
---------------+----------------------------------------------------------+-----
Axes           | 16 20 23 25 27 | 27.0
Dodging        | 25 27 | 27.0
Fighting       | 10 22 25 27 | 27.0
Armour         | 8 20 23 27 | 27.0
Unarmed Combat | 14 18 | 18.0
Invocations    | 17 20 | 20.9

Action                   |  1- 3 |  4- 6 |  7- 9 | 10-12 | 13-15 | 16-18 | 19-21 || total
-------------------------+-------+-------+-------+-------+-------+-------+-------++-------
Melee: Broad axe         |     1 |       |       |     2 |     3 |     3 |     1 ||    10
